 Dungeon Crawl Stone Soup version 0.31.0-9-g3a7656b989 (webtiles) character file.

Game seed: 17623978010216442896

1528428 GordonOverkill the Ex Machina (level 27, 273/273 HPs)
             Began as a Hill Orc Cinder Acolyte on Feb 1, 2024.
             Was a Follower of Ignis.
             Escaped with the Orb
             ... and 3 runes!
             The game lasted 02:06:56 (85546 turns).

GordonOverkill the Ex Machina (HOCA)               Turns: 85546, Time: 02:06:57

Health: 273/273    AC: 38    Str: 29 (31) XL:     27
Magic:  24/24      EV: 11    Int: 11 (12) God:    Ignis [*.....]
Gold:   6133       SH: 21    Dex: 10 (11) Spells: 28/28 levels left

rFire   + + +        b - +9 broad axe (spect)
rCold   + + .        O - +0 tower shield
rNeg    . . .        D - +2 gold dragon scales
rPois   +            (helmet unavailable)
rElec   +            V - +4 dragonskin cloak
rCorr   +            o - +2 pair of gloves {Dex+3}
SInv    .            z - +2 pair of boots {Fly}
Will    +++..        Z - amulet of the Skies Above {Faith rElec rF++} Stlth
                     T - ring "Vyagi" {rF+ rCorr Stlth+}
HPRegen 0.65/turn    e - ring of protection from cold
MPRegen 0.19/turn

%: faith
@: flying, studying Long Blades
A: hooves 1, horns 3, thin skeletal structure 1, deterioration 1, dopey 1,
strong-willed 1, poison resistance, inability to drink after injury 1
0: Orb of Zot
}: 3/15 runes: decaying, silver, gossamer
a: Renounce Religion, Fiery Armour, Foxfire Swarm, Rising Flame


You escaped.
You worshipped Ignis.
Ignis was aware of your devotion.
You visited 9 branches of the dungeon, and saw 47 of its levels.
You also visited: Gauntlet, Ice Cave, Wizlab and Desolation.

You collected 7208 gold pieces.
You spent 1075 gold pieces at shops.

Inventory:

Hand Weapons
 a - a +6 broad axe of freezing
 b - a +9 spectral broad axe (weapon)
Missiles
 w - 8 curare-tipped darts
 J - 2 throwing nets
 K - 13 boomerangs (quivered)
 S - 5 silver javelins
Armour
 o - a +2 pair of gloves of dexterity (worn)
 y - a +2 helmet of intelligence
 z - a +2 pair of boots of flying (worn)
 D - +2 gold dragon scales (worn)
 O - a +0 tower shield (worn)
 V - the +4 dragonskin cloak (worn)
   (You took it off Tiamat on level 2 of the Realm of Zot)

   Avatar's Aegis: It grants the wearer a chance to resist fire, cold, poison,
   electricity, acid, and negative energy.
Jewellery
 d - a ring of positive energy
 e - a ring of protection from cold (right hand)
 E - a ring of wizardry
 M - the ring "Woiroip" {rF+ rN+ Will- SInv Stlth+}
   (You found it on level 13 of the Dungeon)

   [ring of see invisible]

   rF+:       It protects you from fire.
   rN+:       It protects you from negative energy.
   Will-:     It decreases your willpower.
   SInv:      It lets you see invisible.
   Stlth+:    It makes you more stealthy.
 Q - a +4 ring of protection
 T - the ring "Vyagi" (left hand) {rF+ rCorr Stlth+}
   (You found it in the Desolation of Salt)

   [ring of resist corrosion]

   rF+:       It protects you from fire.
   rCorr:     It protects you from acid and corrosion.
   Stlth+:    It makes you more stealthy.
 Z - the amulet of the Skies Above (around neck) {Faith rElec rF++}
   (You found it in the Desolation of Salt)

   [amulet of faith]

   Faith:     It allows you to gain divine favour quickly.
   rF++:      It greatly protects you from fire.
   rElec:     It insulates you from electricity.
Wands
 m - a wand of iceblast (47)
 r - a wand of paralysis (66)
 x - a wand of light (18)
 R - a wand of mindburst (39)
 U - a wand of digging (17)
Scrolls
 c - 3 scrolls of revelation
 f - 3 scrolls of immolation
 g - 19 scrolls of teleportation
 j - 7 scrolls of fear
 u - 13 scrolls of vulnerability
 C - a scroll of fog
 F - 3 scrolls of silence
 L - 24 scrolls of identify
 W - 4 scrolls of blinking
 X - a scroll of butterflies
Potions
 h - 4 potions of enlightenment
 l - a potion of heal wounds
 n - 7 potions of cancellation
 p - 24 potions of curing
 q - 9 potions of ambrosia
 s - 6 potions of magic
 t - 2 potions of mutation
 v - 4 potions of resistance
 B - a potion of might
 H - a potion of haste
 I - 6 potions of invisibility
 N - 3 potions of berserk rage
Miscellaneous
 i - a condenser vane
 k - a lightning rod (4/4)
 A - a phial of floods
 G - a phantom mirror
 P - a box of beasts


   Skills:
 O Level 27 Fighting
 - Level 20.0 Axes
 - Level 2.0 Throwing
 - Level 20.0 Armour
 - Level 15.0 Dodging
 + Level 22.5 Shields
 - Level 1.0 Spellcasting
 - Level 3.2 Fire Magic
 O Level 27 Evocations


You had 28 spell levels left.
You didn't know any spells.
Your spell library contained the following spells:

 Spells                   Type           Power      Damage    Failure   Level
 Scorch                   Fire           14%        2d5       88%         2
 Foxfire                  Conj/Fire      16%        2x1d4     94%         1
 Apportation              Tloc           0%         N/A       99%         1
 Freeze                   Ice            0%         1d3       99%         1
 Kiss of Death            Conj/Necr      0%         2d5       99%         1
 Magic Dart               Conj           0%         1d3       99%         1
 Necrotise                Necr           0%         1d4       99%         1
 Shock                    Conj/Air       0%         1d3       99%         1
 Slow                     Hex            0%         N/A       99%         1
 Sting                    Conj/Alch      0%         1d3       99%         1
 Summon Small Mammal      Summ           0%         N/A       99%         1
 Cigotuvi's Dreadful Rot  Necr/Alch/Air  0%         N/A       100%        2
 Ensorcelled Hibernation  Hex/Ice        0%         N/A       100%        2
 Jinxbite                 Hex            0%         N/A       100%        2
 Mercury Vapours          Alch/Air       0%         N/A       100%        2
 Searing Ray              Conj           0%         2d4       100%        2
 Call Canine Familiar     Summ           0%         N/A       100%        3
 Confusing Touch          Hex            0%         N/A       100%        3
 Dazzling Flash           Conj/Hex       0%         N/A       100%        3
 Frozen Ramparts          Ice            0%         1d1       100%        3
 Hailstorm                Conj/Ice       0%         3d5       100%        3
 Inner Flame              Hex/Fire       4%         N/A       100%        3
 Mephitic Cloud           Conj/Alch/Air  0%         N/A       100%        3
 Ozocubu's Armour         Ice            0%         N/A       100%        3
 Passwall                 Erth           0%         N/A       100%        3
 Sigil of Binding         Hex            0%         N/A       100%        3
 Stone Arrow              Conj/Erth      0%         3d7       100%        3
 Summon Ice Beast         Ice/Summ       0%         N/A       100%        3
 Swiftness                Air            0%         N/A       100%        3
 Tukima's Dance           Hex            0%         N/A       100%        3
 Vampiric Draining        Necr           0%         2d6       100%        3
 Volatile Blastmotes      Fire/Tloc      8%         2d10      100%        3
 Airstrike                Air            0%         2d(0-16)  100%        4
 Animate Armour           Summ/Erth      0%         N/A       100%        4
 Animate Dead             Necr           0%         N/A       100%        4
 Dimensional Bullseye     Hex/Tloc       0%         N/A       100%        4
 Fulminant Prism          Conj/Alch      0%         3d5       100%        4
 Ignite Poison            Fire/Alch      4%         N/A       100%        4
 Iskenderun's Mystic Bla  Conj/Tloc      0%         2d3       100%        4
 Leda's Liquefaction      Alch/Erth      0%         N/A       100%        4
 Manifold Assault         Tloc           0%         N/A       100%        4
 Martyr's Knell           Necr/Summ      0%         N/A       100%        4
 Olgreb's Toxic Radiance  Alch           0%         N/A       100%        4
 Petrify                  Alch/Erth      0%         N/A       100%        4
 Sticky Flame             Fire/Alch      4%         2d4       100%        4
 Summon Lightning Spire   Summ/Air       0%         N/A       100%        4
 Vhi's Electric Charge    Tloc/Air       0%         N/A       100%        4
 Alistair's Intoxication  Alch           0%         N/A       100%        5
 Arcjolt                  Conj/Air       0%         1d10      100%        5
 Borgnjor's Vile Clutch   Necr/Erth      0%         N/A       100%        5
 Freezing Cloud           Conj/Ice/Air   0%         6-21      100%        5
 Irradiate                Conj/Alch      0%         3d11      100%        5
 Lee's Rapid Deconstruct  Erth           0%         3d4*      100%        5
 Metabolic Englaciation   Hex/Ice        0%         N/A       100%        5
 Silence                  Hex/Air        0%         N/A       100%        5
 Summon Forest            Summ/Tloc      0%         N/A       100%        5
 Summon Mana Viper        Hex/Summ       0%         N/A       100%        5
 Yara's Violent Unravell  Hex/Alch       0%         3d3       100%        5
 Bombard                  Conj/Erth      0%         9d1       100%        6
 Death Channel            Necr           0%         N/A       100%        6
 Dispersal                Tloc           0%         N/A       100%        6
 Eringya's Noxious Bog    Alch           0%         4d6       100%        6
 Plasma Beam              Fire/Air       2%         2x1d12    100%        6
 Sculpt Simulacrum        Ice/Alch       0%         N/A       100%        6
 Starburst                Conj/Fire      2%         6d3       100%        6
 Enfeeble                 Hex            0%         N/A       100%        7
 Haunt                    Necr/Summ      0%         N/A       100%        7
 Malign Gateway           Summ/Tloc      0%         N/A       100%        7
 Monstrous Menagerie      Summ           0%         N/A       100%        7
 Ozocubu's Refrigeration  Ice            0%         4d7       100%        7
 Spellforged Servitor     Conj/Summ      0%         N/A       100%        7
 Summon Hydra             Summ           0%         N/A       100%        7
 Disjunction              Tloc           0%         N/A       100%        8
 Ignition                 Fire           3%         3d4       100%        8
 Maxwell's Capacitive Co  Air            0%         ∞         100%        8
 Summon Horrible Things   Summ           0%         N/A       100%        8
 Chain Lightning          Conj/Air       0%         N/A       100%        9
 Fire Storm               Conj/Fire      2%         8d1       100%        9
 Polar Vortex             Ice            0%         N/A       100%        9
 Shatter                  Erth           0%         3d5*      100%        9


Dungeon Overview and Level Annotations

Branches:
Dungeon (15/15)            Temple (0/1) D:4            Lair (5/5) D:11
  Swamp (4/4) Lair:3       Spider (4/4) Lair:2        Slime (0/5) Lair:5
    Orc (2/2) D:9             Elf (3/3) Orc:2        Vaults (5/5) D:14
  Crypt (0/3) Vaults:2     Depths (4/4) D:15            Zot (5/5) Depths:4
  IceCv (visited)          WizLab (visited)         Desolation (visited)
Gauntlet (visited)

Altars:
Ashenzari
Elyvilon
Fedhas
Gozag
Hepliaklqana
Kikubaaqudgha
Makhleb
Nemelex Xobeh
Okawaru
Sif Muna
Trog
Uskayaw
Vehumet
Xom
Yredelemnul
The Shining One
Beogh
Jiyva

Shops:
Orc:2 =[[(   Elf:1 :   Elf:2 [   Elf:3 *   Vaults:1 [   Vaults:5 !
Depths:1 ==:

Portals:
Hell: Depths:1 Depths:2 Depths:3 Depths:4
Abyss: Depths:1 Depths:3
Pandemonium: Depths:2
Ziggurat: Depths:2

Annotations:
D:2 1 runed translucent door, Crazy Yiuf
Spider:1 2 transporters, exclusion: orange crystal statue
Zot:1 2 transporters, Sofait's ghost, legendary GnFE
Zot:5 exclusion: obsidian statue


Innate Abilities, Weirdness & Mutations

You have large cloven feet.
You have a pair of large horns on your head.
You have a somewhat thin skeletal structure. (Dex +2, Stealth+)
Your body sometimes deteriorates upon taking damage.
You are dopey. (Int -2)
You are strong-willed. (Will+)
Your system is resistant to poisons. (rPois)
You occasionally lose the ability to drink potions when taking damage.


Message History

You can drink potions again.
A hell beast comes into view.
The hell beast moves out of view.
There is an open door here.
There is a stone staircase leading up here.
You fly upwards.
There is a stone staircase leading down here.
What level of the Dungeon? (default 1, ? - help)
There is a stone staircase leading up here.
You fly upwards.
There is a stone staircase leading down here.
There is a stone staircase leading up here.
You fly upwards.
There is a stone staircase leading down here.
There is a stone staircase leading up here.
You fly upwards.
Level annotation: 1 runed translucent door, Crazy Yiuf
There is a stone staircase leading down here.
An efreet comes into view.
It is wielding a +3 scimitar of flaming.
Things that are here:
a stone; a +0 short sword You slice the efreet!!
You headbutt the efreet.
The efreet is severely wounded.
Your +9 spectral broad axe hits the efreet!!
You kill the efreet!
No target in view!
No target in view!
No target in view!
What level of the Dungeon? (default 1, ? - help)
You swap places.
Your +9 spectral broad axe disappears.
There is a stone staircase leading up here.
You fly upwards.
There is a stone staircase leading down here.
You see here a +0 club.
HP restored.
There is an open door here.
There is a staircase leading out of the dungeon here.
Unknown command.
You have escaped!

##.##########.#.###.#######.#
..............#.............#
.#.##########.#####.#########
....................#
...#########.###...##
...#.......#........###
.#.'.......#..⌠...⌠...###########
.#.#....)......###..#............
.#.#...>...##..'@#..#.###########
...#[##'#'###..###..#.#
####.##.#.# #.⌠...⌠.#.# #.##.#.#
#.......#.# #.##.#.###########.#
#.##.#.........# #.#
#.##.#########.###.# #†##.#
#......#.# #.##.# #.##.#.#.#


There were no monsters in sight!

Vanquished Creatures
  3 dread liches
  Frederick (Vaults:4)
  An ancient lich (Zot:5)
  8 orbs of fire
  5 Killer Klowns (Zot:5)
  Boris (Vaults:5)
  Bai Suzhen (Spider:3)
  Vv (Zot:2)
  2 antique champions (WizLab)
  Saint Roka (Vaults:4)
  Nikola (Swamp:1)
  5 golden dragons
  The ghost of Plog the Warrior, an adept DgCj (Depths:4)
  Arachne (Spider:4)
  2 electric golems (Zot:5)
  A Tzitzimitl (D:15)
  A walking crystal tome (Depths:4)
  27 Orb Guardians
  18 tentacled monstrosities
  Jorgrun (D:13)
  9 liches
  A walking earthen tome (Depths:4)
  2 deep elf master archers (Elf:3)
  2 deep elf blademasters (Elf:3)
  4 titans
  3 sphinxes
  A Hell Sentinel (D:6)
  2 ancient champions (WizLab)
  3 quicksilver dragons
  2 Executioners
  5 death cobs
  2 thorn hunters (Swamp:4)
  3 tengu reavers
  Roxanne (Spider:4)
  Donald (Elf:3)
  5 shadow dragons (Vaults:5)
  3 draconian monks
  2 fire giants
  The ghost of Vudadgh the Warrior, an adept HuWr of Hepliaklqana (Swamp:2)
  4 draconian knights
  2 protean progenitors (Zot:1)
  11 storm dragons
  3 imperial myrmidons (Desolation)
  3 draconian shifters
  An iron dragon (Depths:3)
  4 ghost moths
  4 draconian scorchers
  20 vault wardens
  3 cacodemons (Depths:4)
  8 frost giants
  3 emperor scorpions
  Louise (Spider:1)
  2 deep elf elementalists (Elf:3)
  5 draconian stormcallers
  7 deep elf sorcerers
  A reaper (D:12)
  2 orc warlords
  An angel (D:6)
  A caustic shrike zombie (Depths:1)
  5 draconian annihilators
  10 broodmothers
  2 formless jellyfish (Vaults:3)
  31 ironbound preservers
  2 spriggan defenders (Depths:2)
  A ghoul (WizLab)
  13 very ugly things
  A juggernaut skeleton (WizLab)
  11 stone giants
  9 ironbound thunderhulks
  7 eleionomae
  4 vampire knights
  5 deep elf death magi
  Nessos (Orc:2)
  10 green draconians
  7 deep elf demonologists
  15 black draconians
  12 dire elephants
  9 deep elf annihilators
  3 white draconians
  A minotaur (Gauntlet)
  6 yellow draconians
  2 halazid warlocks (Desolation)
  12 purple draconians
  5 red draconians
  2 bunyips
  7 war gargoyles
  A blizzard demon (Depths:2)
  7 ragged hierophants (Desolation)
  21 fire dragons
  8 ettins
  5 deep elf high priests
  2 crystal guardians
  7 yaktaur captains
  2 shambling mangroves
  A quicksilver dragon zombie (D:15)
  A jiangshi (WizLab)
  4 great orbs of eyes
  Josephine (Lair:5)
  7 entropy weavers
  23 hydras
  5 rakshasas
  11 alligators
  6 ice dragons
  Fannar (Lair:1)
  A spriggan air mage (Swamp:3)
  44 vault guards
  7 ironbound frosthearts
  9 servants of whispers (Desolation)
  2 hell beasts
  9 peacekeepers
  2 ghost crabs
  3 ogre magi
  A juggernaut simulacrum (WizLab)
  A death knight (D:14)
  2 radroaches
  3 jorogumos
  5 deep troll shamans
  33 dancing weapons
  9 boulder beetles
  13 death yaks
  5 deep troll earth magi
  11 two-headed ogres
  A two-headed ogre (shapeshifter) (Vaults:5)
  10 centaur warriors
  6 demonic crawlers
  5 vampire magi
  8 tengu warriors
  2 occultists
  8 orc high priests
  7 hell knights (Vaults:5)
  11 deep elf knights
  4 spriggan berserkers
  A shock serpent (shapeshifter) (Depths:4)
  3 sun demons (Depths:2)
  A soul eater (Depths:2)
  A skyshark (Lair:2)
  8 skeletal warriors
  A skyshark (shapeshifter) (Depths:4)
  7 iron trolls
  A sixfirhy (Depths:2)
  3 pharaoh ants
  3 flayed ghosts
  2 goliath frogs
  A sea snake (shapeshifter) (Vaults:5)
  A death drake (shapeshifter) (Depths:4)
  16 swamp dragons
  74 deep trolls
  4 spriggan druids
  14 orb spiders
  A tengu zombie (Depths:1)
  8 glowing orange brains
  An obsidian statue (IceCv)
  A sun moth (Spider:4)
  7 arcanists
  13 bog bodies
  8 deep elf archers
  A golden dragon skeleton (WizLab)
  20 orc knights
  7 harpies
  7 necromancers
  7 phantasmal warriors
  21 ironbound convokers
  A harpy (shapeshifter) (Elf:1)
  8 steelbarb worms
  An eye of devastation (shapeshifter) (Vaults:5)
  7 lindwurms
  69 ugly things
  13 wolf spiders
  16 deep elf pyromancers
  21 deep elf zephyrmancers
  A manticore (shapeshifter) (Vaults:5)
  A worldbinder (Gauntlet)
  An orc sorcerer (Orc:2)
  A will-o-the-wisp (Swamp:4)
  A cyclops (D:13)
  4 manticores
  2 black mambas (shapeshifter) (D:14)
  2 stone giant zombies (WizLab)
  Maurice (D:7)
  A cyclops (shapeshifter) (Vaults:5)
  19 elephants
  10 large abominations
  16 moths of wrath
  A rust devil (Depths:4)
  A stone giant skeleton (WizLab)
  Joseph (D:7)
  7 kobold blastminers (Orc:2)
  3 molten gargoyles (Desolation)
  2 black mambas
  4 guardian serpents (Desolation)
  14 vault sentinels
  4 cane toads
  An ice statue (Lair:1)
  9 torpor snails
  A cane toad (shapeshifter) (Elf:1)
  A storm dragon simulacrum (WizLab)
  A rime drake (shapeshifter) (Depths:3)
  An efreet (D:2)
  An unseen horror (shapeshifter) (Depths:4)
  4 rime drakes
  5 komodo dragons
  3 unseen horrors
  13 yaktaurs
  Maggie (D:7)
  2 tengu conjurers
  16 freezing wraiths
  2 kobold demonologists
  4 anaconda simulacra (IceCv)
  4 ice devils
  A polar bear (shapeshifter) (Depths:4)
  17 tyrant leeches
  5 polar bears
  15 hornets
  4 alligator simulacra (IceCv)
  3 golden dragon simulacra (IceCv)
  6 trolls
  A wolf spider simulacrum (D:14)
  A red devil (Depths:4)
  A shadow dragon simulacrum (Vaults:4)
  A tarantella (shapeshifter) (Depths:4)
  A glass eye (Depths:3)
  21 tarantellas
  55 saltlings (Desolation)
  4 blink frogs
  2 spriggan zombies
  A stone giant simulacrum (WizLab)
  30 jumping spiders
  21 slime creatures
  An ettin zombie (WizLab)
  10 culicivoras
  4 vampires
  3 centaur simulacra
  4 air elementals
  4 small abominations (Depths:1)
  3 water elementals
  10 spriggans
  5 humans (D:14)
  2 shadows (D:11)
  A wyvern (Lair:2)
  A fire bat (shapeshifter) (D:14)
  9 wraiths
  5 basilisks
  5 fire elementals
  3 dire elephant simulacra (IceCv)
  56 yaks
  A golden eye (shapeshifter) (Vaults:5)
  3 wargs (Orc:1)
  A human (shapeshifter) (Depths:4)
  49 redbacks
  Grum (D:8)
  A chaos spawn (Depths:1)
  A redback (shapeshifter) (Depths:4)
  15 vampire mosquitoes
  A minotaur simulacrum (IceCv)
  A deep troll zombie (WizLab)
  A yaktaur simulacrum (Vaults:4)
  18 swamp worms
  A swamp worm (shapeshifter) (Vaults:3)
  3 hydra simulacra (IceCv)
  4 harpy simulacra (IceCv)
  An acid dragon (D:14)
  3 two-headed ogre zombies (WizLab)
  5 hell hounds (Depths:1)
  7 water moccasins
  2 ice beasts
  An ettin simulacrum (WizLab)
  8 swamp drakes
  32 orc warriors
  2 sky beasts (D:7)
  3 black bears
  3 ogres
  3 laughing skulls (Gauntlet)
  A sky beast (shapeshifter) (Elf:1)
  29 wolves
  17 centaurs
  2 swamp dragon skeletons (WizLab)
  2 boggarts (Gauntlet)
  A phantom (D:7)
  5 elf zombies (Elf:1)
  A brain worm (shapeshifter) (Vaults:5)
  A weeping skull (Gauntlet)
  4 kobold brigands
  13 bullfrogs
  2 earth elementals (Elf:3)
  2 gnoll sergeants
  2 two-headed ogre simulacra (Lair:1)
  An entropy weaver simulacrum (Lair:1)
  3 scorpions
  A deep troll simulacrum (IceCv)
  19 wights
  3 lindwurm simulacra (IceCv)
  A swamp dragon simulacrum (WizLab)
  3 killer bees (D:10)
  7 howler monkeys
  3 electric eels
  3 jellies
  A bombardier beetle (D:5)
  32 orc priests
  5 hounds
  A gnoll bouda (D:7)
  2 iguanas
  A sleepcap (D:7)
  10 orc wizards
  7 hell rats (Lair:4)
  A polar bear simulacrum (Lair:1)
  4 spriggan simulacra
  7 gnolls
  13 adders
  3 shadow imps
  2 white imps (Vaults:4)
  2 ufetubi (D:7)
  2 dart slugs
  2 ribbon worms (D:4)
  83 orcs
  5 bats
  6 endoplasms
  A giant cockroach (D:1)
  9 goblins
  6 hobgoblins
  2 jackals (D:5)
  31 kobolds
  6 quokkas (D:1)
  7 ball pythons
  4 frilled lizards
  9 rats
  2 spectral weapons
2172 creatures vanquished.

Vanquished Creatures (collateral kills)
  Tiamat (Zot:2)
  A storm dragon (Zot:2)
  A draconian shifter (Zot:2)
  4 foxfires
7 creatures vanquished.

Vanquished Creatures (others)
  A draconian scorcher (Zot:5)
  A yellow draconian (Zot:2)
  A vault guard (D:14)
  2 ironbound convokers
  A bloated husk (Swamp:2)
  A culicivora (Spider:4)
  An air elemental (Elf:3)
  A human (D:14)
  38 foxfires
  131 spectral weapons
178 creatures vanquished.

Grand Total: 2357 creatures vanquished

Notes
Turn   | Place    | Note
-------+----------+-------------------------------------------
     0 | D:1      | GordonOverkill the Hill Orc Cinder Acolyte began the quest
                  | for the Orb.
     0 | D:1      | Reached XP level 1. HP: 19/19 MP: 2/2
   115 | D:1      | Reached XP level 2. HP: 26/27 MP: 3/3
   409 | D:1      | Reached skill level 5 in Axes
   473 | D:1      | Reached XP level 3. HP: 23/33 MP: 4/4
  1376 | D:2      | Reached XP level 4. HP: 36/40 MP: 5/5
  1754 | D:2      | Noticed an eye of devastation
  1758 | D:2      | Found a faded altar of an unknown god.
  1762 | D:2      | Noticed a glass eye
  1770 | D:2      | Noticed a shining eye
  1783 | D:2      | Noticed a great orb of eyes
  1822 | D:2      | Found a runed translucent door.
  1823 | D:2      | Noticed Crazy Yiuf
  2145 | D:3      | Found an opulent altar of Gozag.
  2420 | D:3      | Reached XP level 5. HP: 21/46 MP: 6/6
  2929 | D:3      | Found a basalt altar of Yredelemnul.
  2929 | D:3      | Found a radiant altar of Vehumet.
  2929 | D:3      | Found an iron altar of Okawaru.
  2943 | D:3      | Found a glowing golden altar of the Shining One.
  2944 | D:3      | Found a broken altar of Ashenzari.
  2946 | D:3      | Found a bloodstained altar of Trog.
  2946 | D:3      | Found a shimmering altar of Xom.
  2947 | D:3      | Found a sparkling altar of Nemelex Xobeh.
  2949 | D:3      | Found a blossoming altar of Fedhas.
  2953 | D:3      | Found a burning altar of Makhleb.
  2957 | D:3      | Found a shimmering blue altar of Sif Muna.
  3876 | D:4      | Reached XP level 6. HP: 36/52 MP: 7/7
  4745 | D:4      | Found a staircase to the Ecumenical Temple.
  4936 | D:4      | Found a white marble altar of Elyvilon.
  5001 | D:5      | Entered Level 5 of the Dungeon
  5001 | D:5      | Noticed a black bear
  5016 | D:4      | Killed a black bear
  5017 | D:4      | Reached skill level 10 in Axes
  5017 | D:4      | Reached XP level 7. HP: 41/59 MP: 8/8
  5748 | D:5      | Reached skill level 5 in Armour
  5782 | D:5      | Reached XP level 8. HP: 60/66 MP: 9/9
  7269 | D:7      | Noticed Maurice
  7276 | D:7      | Maurice stole a ring of wizardry
  7281 | D:7      | Killed Maurice
  7308 | D:7      | Reached XP level 9. HP: 32/69 MP: 7/10
  7444 | D:7      | Found a hazy altar of Hepliaklqana.
  7541 | D:7      | Reached skill level 1 in Evocations
  7890 | D:7      | Reached skill level 5 in Fighting
  8007 | D:7      | Noticed Maggie
  8014 | D:7      | Killed Maggie
  8225 | D:7      | Noticed Joseph
  8245 | D:7      | Killed Joseph
  8766 | D:8      | Reached skill level 1 in Throwing
  8800 | D:8      | Reached XP level 10. HP: 82/86 MP: 11/11
  8815 | D:8      | Reached skill level 15 in Axes
  9004 | D:8      | Reached skill level 1 in Dodging
  9186 | D:8      | Noticed Grum
  9200 | D:8      | Killed Grum
  9439 | D:8      | Reached skill level 5 in Dodging
  9744 | D:9      | Found a staircase to the Orcish Mines.
  9772 | D:9      | Found a roughly hewn altar of Beogh.
  9958 | D:9      | Reached XP level 11. HP: 93/95 MP: 12/12
 10188 | D:9      | Reached skill level 10 in Fighting
 10654 | D:10     | Entered Level 10 of the Dungeon
 10676 | D:10     | Noticed a two-headed ogre
 10687 | D:10     | Killed a two-headed ogre
 10777 | D:10     | Noticed a two-headed ogre
 10787 | D:10     | Killed a two-headed ogre
 11033 | D:10     | Noticed a two-headed ogre
 11040 | D:10     | Killed a two-headed ogre
 11486 | D:10     | Identified the +7 plate armour of Disaster {rElec}
 11969 | D:11     | Reached skill level 10 in Armour
 12290 | D:11     | Noticed a boulder beetle
 12301 | D:11     | Killed a boulder beetle
 12331 | D:11     | Reached XP level 12. HP: 108/108 MP: 13/13
 12479 | D:11     | Noticed a death yak
 12481 | D:11     | Found a staircase to the Lair.
 12482 | D:11     | Noticed a death yak
 12482 | D:11     | Noticed a death yak
 12482 | D:11     | Noticed a death yak
 12482 | D:11     | Noticed a death yak
 12482 | D:11     | Noticed a death yak
 12482 | D:11     | Noticed a death yak
 12483 | D:11     | Noticed a death yak
 12488 | D:11     | Killed a death yak
 12691 | D:11     | Killed a death yak
 12699 | D:11     | Killed a death yak
 12706 | D:11     | Killed a death yak
 12715 | D:11     | Killed a death yak
 12721 | D:11     | Killed a death yak
 12727 | D:11     | Killed a death yak
 12921 | D:11     | Killed a death yak
 13276 | D:12     | Noticed a two-headed ogre
 13283 | D:12     | Killed a two-headed ogre
 13285 | D:12     | Noticed a boulder beetle
 13293 | D:12     | Reached skill level 15 in Fighting
 13305 | D:12     | Killed a boulder beetle
 13477 | D:12     | Reached XP level 13. HP: 102/126 MP: 14/14
 14157 | D:13     | Noticed Jorgrun
 14176 | D:13     | Killed Jorgrun
 15023 | D:13     | Identified the ring "Woiroip" {rF+ rN+ Will- SInv Stlth+}
 15388 | D:14     | Reached skill level 10 in Dodging
 15388 | D:14     | Reached skill level 1 in Shields
 15554 | D:14     | Reached skill level 5 in Shields
 15980 | D:14     | Reached XP level 14. HP: 125/135 MP: 15/15
 16196 | D:14     | Reached skill level 5 in Evocations
 17557 | D:14     | Found a gate to the Vaults.
 17737 | D:15     | Entered Level 15 of the Dungeon
 19012 | D:15     | Found a staircase to the Depths.
 19832 | D:15     | Reached XP level 15. HP: 131/141 MP: 16/16
 20038 | D:15     | Found a shimmering blue altar of Sif Muna.
 20436 | Lair:1   | Entered Level 1 of the Lair of Beasts
 20463 | Lair:1   | Found a gate leading to a gauntlet.
 20482 | Gauntlet | Entered a Gauntlet
 20482 | Gauntlet | Found a transporter.
 20482 | Gauntlet | Found a transporter.
 20495 | Gauntlet | Found a transporter.
 20498 | Gauntlet | Found a transporter.
 20506 | Gauntlet | Found a transporter.
 20509 | Gauntlet | Found a transporter.
 20517 | Gauntlet | Found a transporter.
 20535 | Gauntlet | Found a transporter.
 20555 | Gauntlet | Found a transporter.
 20556 | Gauntlet | Found a transporter.
 20566 | Gauntlet | Found a transporter.
 20569 | Gauntlet | Found a transporter.
 20612 | Gauntlet | Found the ring of the Hare {EV+10}
 20725 | Gauntlet | Identified the +0 cloak of Oblivion {^Drain Will++}
 20773 | Gauntlet | Identified the +6 short sword of Buanuatz {pain, ^Fragile
                  | rElec Str+6 Dex-4}
 21001 | Lair:1   | Reached skill level 10 in Shields
 21233 | Lair:1   | Noticed Fannar
 21238 | Lair:1   | Killed Fannar
 22247 | Lair:2   | Found a hole to the Spider Nest.
 23236 | Lair:3   | Identified the +8 falchion "Hiaxt" {heavy, rF++ rN+ Will+
                  | Str-3}
 23577 | Lair:3   | Found a staircase to the Swamp.
 25296 | Lair:5   | Entered Level 5 of the Lair of Beasts
 25311 | Lair:5   | Reached XP level 16. HP: 123/149 MP: 17/17
 25481 | Lair:5   | Found a staircase to the Slime Pits.
 25481 | Lair:5   | Found a viscous altar of Jiyva.
 25802 | Lair:5   | Noticed Josephine
 25809 | Lair:5   | Killed Josephine
 26053 | Lair:5   | Reached skill level 15 in Shields
 26875 | Orc:1    | Entered Level 1 of the Orcish Mines
 27073 | Orc:2    | Entered Level 2 of the Orcish Mines
 27344 | Orc:2    | Noticed Nessos
 27345 | Orc:2    | Found a staircase to the Elven Halls.
 27349 | Orc:2    | Killed Nessos
 29017 | Orc:2    | Reached skill level 15 in Armour
 29312 | Orc:2    | Found Itisill's Jewellery Shoppe.
 29315 | Orc:2    | Found Poseaq's Armour Shoppe.
 29316 | Orc:2    | Found Pipet's Antique Weapon Shoppe.
 29317 | Orc:2    | Found Ydoo's Antique Armour Emporium.
 29328 | Orc:2    | Bought a glowing broad axe for 182 gold pieces
 29635 | Spider:1 | Entered Level 1 of the Spider Nest
 29643 | Spider:1 | Noticed Louise
 29679 | Spider:1 | Killed Louise
 29726 | Spider:1 | Found a transporter.
 30052 | Spider:1 | Identified the +0 cloak "Iropoimm" {Harm rC- Regen+ Str+3}
 30141 | Spider:1 | Reached XP level 17. HP: 62/156 MP: 18/18
 30616 | Spider:1 | Found a transporter.
 32425 | Spider:3 | Reached skill level 10 in Evocations
 32775 | Spider:3 | Noticed Bai Suzhen
 32782 | Spider:3 | Killed Bai Suzhen
 33176 | Spider:4 | Entered Level 4 of the Spider Nest
 33181 | Spider:4 | Noticed Arachne
 33198 | Spider:4 | Killed Arachne
 33871 | Spider:4 | Noticed Roxanne
 34644 | Spider:4 | Reached XP level 18. HP: 96/170 MP: 0/19
 35546 | Spider:4 | Got a gossamer rune of Zot
 35656 | Spider:4 | Killed Roxanne
 35934 | Swamp:1  | Entered Level 1 of the Swamp
 36136 | Swamp:1  | Identified the +1 pair of gloves of the Endless Expanse
                  | {rElec rC+++ Will-}
 36136 | Swamp:1  | Noticed Nikola
 36156 | Swamp:1  | Killed Nikola
 36365 | Swamp:1  | Found a glacial archway.
 36398 | IceCv    | Entered an ice cave
 37168 | IceCv    | Found an ancient bone altar of Kikubaaqudgha.
 37304 | IceCv    | Noticed a lich
 37317 | IceCv    | Killed a lich
 37589 | IceCv    | Got the Elucidation of the Wendigo
 38632 | Swamp:2  | Found a large runed translucent door.
 38632 | Swamp:2  | Found a large runed translucent door.
 38633 | Swamp:2  | Noticed Vudadgh's ghost (adept HuWr)
 39295 | Swamp:2  | Killed Vudadgh's ghost
 39468 | Swamp:3  | Reached XP level 19. HP: 128/185 MP: 20/20
 40128 | Swamp:4  | Entered Level 4 of the Swamp
 40485 | Swamp:4  | Identified the +11 plate armour "Soyxiv Qifa" {+Blink rN++
                  | Str+4 Int-4}
 41361 | Swamp:4  | Got a decaying rune of Zot
 41934 | Vaults:1 | Entered Level 1 of the Vaults
 41945 | Vaults:1 | Got the Compilation of Combined Virulence
 42363 | Vaults:1 | Found Asukij's Antique Armour Emporium.
 43661 | Vaults:1 | Reached XP level 20. HP: 165/193 MP: 21/21
 44461 | Vaults:2 | Found a staircase to the Crypt.
 45926 | Vaults:3 | Paralysed by a formless jellyfish for 1 turns
 46930 | Vaults:3 | Reached skill level 15 in Evocations
 47860 | Vaults:4 | Reached XP level 21. HP: 185/201 MP: 22/22
 47903 | Vaults:4 | Noticed Saint Roka
 47927 | Vaults:4 | Killed Saint Roka
 48204 | Vaults:4 | Found Riga's Distillery.
 48403 | Vaults:4 | Found a crumbling gateway.
 48409 | Desolati | Entered the Desolation of Salt
 48587 | Desolati | Identified the amulet of the Skies Above {Faith rElec rF++}
 48646 | Desolati | Got the Incunabulum of Spelunking and Kindling
 49225 | Desolati | Got the Grimoire of Refrigeration and Tinctures
 49234 | Desolati | Identified the ring "Vyagi" {rF+ rCorr Stlth+}
 49307 | Desolati | Identified the +4 trident of Rerchicy {freeze, Fly rC-
                  | rCorr}
 49310 | Desolati | Identified the ring of Povviur {Fly Int+4}
 49320 | Desolati | Identified the +1 ring mail of Darkness {rPois Dex+4 SInv}
 49428 | Desolati | Identified the +4 ring mail "Muumifroaha" {Harm rN++ SInv
                  | Stlth+}
 49575 | Desolati | Identified the +0 scale mail "Roucotta" {Will- Str+5}
 51722 | Vaults:4 | Identified the orb of Vegef {*channel, Str+2 Int+2}
 51723 | Vaults:4 | Noticed Frederick
 51734 | Vaults:4 | Killed Frederick
 51735 | Vaults:4 | Reached XP level 22. HP: 143/209 MP: 23/23
 52350 | Vaults:4 | Got Sif Muna's Writings on Apparitions
 52958 | Depths:1 | Entered Level 1 of the Depths
 53111 | Depths:1 | Found a gateway to Hell.
 53347 | Depths:1 | Found an ancient bone altar of Kikubaaqudgha.
 54059 | Depths:1 | Found a one-way gate to the infinite horrors of the Abyss.
 54215 | Depths:1 | Found Keid's Book Shop.
 54215 | Depths:1 | Found Vaiss's Jewellery Shoppe.
 54216 | Depths:1 | Found Alechub's Jewellery Shoppe.
 54644 | Depths:2 | Got the Vellum of Hapless Esoterica
 54956 | Depths:2 | Found a one-way gateway to a ziggurat.
 55632 | Depths:2 | Found a one-way gate leading to the halls of Pandemonium.
 55780 | Depths:3 | Noticed a golden dragon
 55790 | Depths:3 | Noticed a juggernaut
 56180 | Depths:3 | Noticed a golden dragon
 56285 | Depths:3 | Reached XP level 23. HP: 189/224 MP: 24/24
 56828 | Depths:4 | Entered Level 4 of the Depths
 57288 | Depths:4 | Found a hide-covered altar of Uskayaw.
 57689 | Depths:4 | Noticed a golden dragon
 57703 | Depths:4 | Killed a golden dragon
 58957 | Depths:4 | Found a gate to the Realm of Zot.
 59044 | Depths:4 | Found a runed translucent gate.
 59044 | Depths:4 | Found a runed translucent gate.
 59044 | Depths:4 | Found a runed translucent gate.
 59669 | Depths:4 | Found a runed translucent gate.
 59669 | Depths:4 | Found a runed translucent gate.
 59673 | Depths:4 | Noticed Plog's ghost (adept DgCj)
 59673 | Depths:4 | Found a runed translucent gate.
 59700 | Depths:4 | Reached XP level 24. HP: 243/243 MP: 24/24
 60057 | Depths:4 | Found a hide-covered altar of Uskayaw.
 60342 | Depths:4 | Found a gate to the Realm of Zot.
 61056 | Depths:4 | Found a hide-covered altar of Uskayaw.
 61422 | Depths:4 | Found a gate to the Realm of Zot.
 61972 | Elf:1    | Entered Level 1 of the Elven Halls
 62160 | Elf:1    | Got the Verses on Corpses
 62231 | Elf:1    | Identified the +1 war axe of Fedhas's Reproof {freeze, rC+
                  | Will+ Dex+3}
 62265 | Elf:1    | Found a magical portal.
 62407 | Elf:1    | Found Xitingeoz's Book Boutique.
 62435 | WizLab   | Entered Zonguldrok's Shrine
 62890 | WizLab   | Noticed an antique champion
 62890 | WizLab   | Noticed an antique champion
 62902 | WizLab   | Killed an antique champion
 62902 | WizLab   | Killed an antique champion
 62999 | WizLab   | Identified the +0 plate armour "Afuileg" {-Cast rCorr Dex+5
                  | Stlth+}
 63018 | WizLab   | Identified the +12 shadow dragon scales of the Old and
                  | Reckless {rN+ Stlth++++}
 63412 | Elf:2    | Found a runed translucent gate.
 63416 | Elf:2    | Found a runed translucent gate.
 63416 | Elf:2    | Found a runed translucent gate.
 63493 | Elf:2    | Reached XP level 25. HP: 216/253 MP: 24/24
 63591 | Elf:2    | Found Sinwika's Armour Shop.
 63613 | Elf:2    | Got the Papyrus of the Boggart
 64973 | Elf:3    | Entered Level 3 of the Elven Halls
 64976 | Elf:3    | Paralysed by an air elemental for 1 turns
 65145 | Elf:3    | Paralysed by an air elemental for 1 turns
 65381 | Elf:3    | Identified the staff of Annihilation {rN+ SInv Necro}
 65734 | Elf:3    | Identified the +6 halberd of Valiance {antimagic, rCorr}
 65734 | Elf:3    | Identified the ring of Mistrust {Fly Will+ MP+9 Dex+6
                  | Slay-3}
 66077 | Elf:3    | Identified the +5 chain mail of the Endless Expanse {rC+}
 66418 | Elf:3    | Identified the amulet "Cecut" {Acrobat Will+ Str-4 Int+3}
 66509 | Elf:3    | Identified the staff "Totib" {^Contam rElec rPois Str+3
                  | Air}
 67184 | Elf:3    | Paralysed by an air elemental for 1 turns
 67467 | Elf:3    | Noticed Donald
 67475 | Elf:3    | Killed Donald
 67675 | Elf:3    | Found Varago Rejy's CLEARANCE SALE!.
 67843 | Elf:3    | Identified the staff of Midnight {rPois rF+ Alchemy}
 68432 | Vaults:5 | Entered Level 5 of the Vaults
 69443 | Vaults:5 | Noticed Boris
 69458 | Vaults:5 | Killed Boris
 69459 | Vaults:5 | Reached XP level 26. HP: 235/261 MP: 24/24
 69552 | Vaults:5 | Noticed a dread lich
 69559 | Vaults:5 | Killed a dread lich
 70059 | Vaults:5 | Found Vobag's Distillery.
 70083 | Vaults:5 | Bought 2 potions of curing for 114 gold pieces
 70083 | Vaults:5 | Bought a potion of curing for 57 gold pieces
 70083 | Vaults:5 | Bought a potion of might for 76 gold pieces
 70083 | Vaults:5 | Bought a potion of heal wounds for 95 gold pieces
 70083 | Vaults:5 | Bought a potion of curing for 57 gold pieces
 70083 | Vaults:5 | Bought a potion of haste for 190 gold pieces
 70083 | Vaults:5 | Bought 2 potions of invisibility for 304 gold pieces
 70680 | Vaults:5 | Got a silver rune of Zot
 70892 | Vaults:5 | Got the Grimoire of Death and Accelerants
 71667 | Zot:1    | Entered Level 1 of the Realm of Zot
 71668 | Zot:1    | Noticed Sofait's ghost (legendary GnFE)
 71668 | Zot:1    | Found a transporter.
 71692 | Zot:1    | Found a transporter.
 71692 | Zot:1    | Noticed a shard shrike
 72051 | Zot:1    | Noticed an orb of fire
 72057 | Zot:1    | Gained mutation: Your magical capacity is low. (-10% MP)
                  | [an orb of fire]
 72064 | Zot:1    | Gained mutation: Your body sometimes deteriorates upon
                  | taking damage. [an orb of fire]
 72065 | Zot:1    | Killed an orb of fire
 74457 | Zot:2    | Noticed Vv
 74598 | Zot:2    | Killed Vv
 74599 | Zot:2    | Reached skill level 15 in Dodging
 75603 | Zot:2    | Found the +4 dragonskin cloak
 75603 | Zot:2    | Noticed Tiamat
 75645 | Zot:2    | Killed Tiamat
 75649 | Zot:2    | Reached XP level 27. HP: 101/269 MP: 22/22
 76848 | Zot:5    | Entered Level 5 of the Realm of Zot
 78012 | Zot:5    | Noticed an orb of fire
 78014 | Zot:5    | Gained mutation: You have a pair of small antennae on your
                  | head. [an orb of fire]
 78020 | Zot:5    | Gained mutation: You are weak. (Str -2) [an orb of fire]
 78030 | Zot:5    | Gained mutation: You are frail. (-10% HP) [an orb of fire]
 78032 | Zot:5    | Gained mutation: You are clumsy. (Dex -2) [an orb of fire]
 78033 | Zot:5    | Killed an orb of fire
 78819 | Zot:5    | Noticed an orb of fire
 78823 | Zot:5    | Gained mutation: You occasionally lose the ability to read
                  | scrolls when taking damage. [an orb of fire]
 78824 | Zot:5    | Gained mutation: Your health recovers twice as slowly from
                  | being drained. [an orb of fire]
 78828 | Zot:5    | Noticed an orb of fire
 78836 | Zot:5    | Killed an orb of fire
 78839 | Zot:5    | Killed an orb of fire
 78865 | Zot:5    | Lost mutation: You are frail. (-10% HP) [potion of
                  | mutation]
 78865 | Zot:5    | Lost mutation: You are weak. (Str -2) [potion of mutation]
 78865 | Zot:5    | Lost mutation: Your body sometimes deteriorates upon taking
                  | damage. [potion of mutation]
 78865 | Zot:5    | Lost mutation: Your magical capacity is low. (-10% MP)
                  | [potion of mutation]
 78865 | Zot:5    | Gained mutation: You are weak. (Str -2) [potion of
                  | mutation]
 78866 | Zot:5    | Lost mutation: You occasionally lose the ability to read
                  | scrolls when taking damage. [potion of mutation]
 78866 | Zot:5    | Lost mutation: You are clumsy. (Dex -2) [potion of
                  | mutation]
 78866 | Zot:5    | Gained mutation: You have hidden genetic defects. [potion
                  | of mutation]
 78866 | Zot:5    | Gained mutation: You are agile. (Dex +4, Str/Int -1)
                  | [potion of mutation]
 79191 | Zot:5    | Noticed an orb of fire
 79211 | Zot:5    | Killed an orb of fire
 79211 | Zot:5    | Noticed an orb of fire
 79212 | Zot:5    | Reached skill level 27 in Evocations
 79215 | Zot:5    | Gained mutation: You sometimes lose your temper in combat.
                  | [an orb of fire]
 79228 | Zot:5    | Gained mutation: Armour fits poorly on your strangely
                  | shaped body. [an orb of fire]
 79232 | Zot:5    | Killed an orb of fire
 79556 | Zot:5    | Noticed an orb of fire
 79571 | Zot:5    | Gained mutation: You occasionally lose the ability to read
                  | scrolls when taking damage. [an orb of fire]
 79574 | Zot:5    | Gained mutation: You occasionally lose the ability to drink
                  | potions when taking damage. [an orb of fire]
 79576 | Zot:5    | Gained mutation: You have an uncontrollable temper. [an orb
                  | of fire]
 79580 | Zot:5    | Gained mutation: Your body sometimes deteriorates upon
                  | taking damage. [an orb of fire]
 79585 | Zot:5    | Killed an orb of fire
 79618 | Zot:5    | Lost mutation: You are weak. (Str -2) [potion of mutation]
 79618 | Zot:5    | Lost mutation: You have hidden genetic defects. [potion of
                  | mutation]
 79618 | Zot:5    | Lost mutation: You occasionally lose the ability to read
                  | scrolls when taking damage. [potion of mutation]
 79618 | Zot:5    | Gained mutation: You passively dampen the noise of your
                  | surroundings. [potion of mutation]
 79619 | Zot:5    | Lost mutation: Your health recovers twice as slowly from
                  | being drained. [potion of mutation]
 79619 | Zot:5    | Lost mutation: You have an uncontrollable temper. [potion
                  | of mutation]
 79619 | Zot:5    | Lost mutation: You have a pair of small antennae on your
                  | head. [potion of mutation]
 79619 | Zot:5    | Lost mutation: You passively dampen the noise of your
                  | surroundings. [potion of mutation]
 79619 | Zot:5    | Gained mutation: You are strong-willed. (Will+) [potion of
                  | mutation]
 79620 | Zot:5    | Lost mutation: You sometimes lose your temper in combat.
                  | [potion of mutation]
 79620 | Zot:5    | Lost mutation: You are strong-willed. (Will+) [potion of
                  | mutation]
 79620 | Zot:5    | Gained mutation: You possess an exceptional clarity of
                  | mind. [potion of mutation]
 79620 | Zot:5    | Gained mutation: Your system is resistant to poisons.
                  | (rPois) [potion of mutation]
 79620 | Zot:5    | Gained mutation: Your mind is acute. (Int +4, Str/Dex -1)
                  | [potion of mutation]
 79620 | Zot:5    | Gained mutation: Your muscles are strong. (Str +4, Int/Dex
                  | -1) [potion of mutation]
 79621 | Zot:5    | Lost mutation: Armour fits poorly on your strangely shaped
                  | body. [potion of mutation]
 79621 | Zot:5    | Lost mutation: Your mind is acute. (Int +4, Str/Dex -1)
                  | [potion of mutation]
 79621 | Zot:5    | Lost mutation: You are agile. (Dex +4, Str/Int -1) [potion
                  | of mutation]
 79621 | Zot:5    | Gained mutation: You have sharp toenails. [potion of
                  | mutation]
 80707 | Zot:5    | Noticed an orb of fire
 80715 | Zot:5    | Gained mutation: You do not regenerate when monsters are
                  | visible. [an orb of fire]
 81553 | Zot:5    | Noticed a dread lich
 81562 | Zot:5    | Paralysed by a dread lich for 2 turns
 81565 | Zot:5    | Killed a dread lich
 81566 | Zot:5    | Reached skill level 27 in Fighting
 81653 | Zot:5    | Gained mutation: Armour fits poorly on your strangely
                  | shaped body. [an orb of fire]
 81655 | Zot:5    | Gained mutation: Potions are less effective at restoring
                  | your health. [an orb of fire]
 81669 | Zot:5    | Gained mutation: You are frail. (-10% HP) [an orb of fire]
 81670 | Zot:5    | Killed an orb of fire
 82212 | Zot:5    | Lost mutation: Your muscles are strong. (Str +4, Int/Dex
                  | -1) [potion of mutation]
 82212 | Zot:5    | Lost mutation: You are frail. (-10% HP) [potion of
                  | mutation]
 82212 | Zot:5    | Gained mutation: You expend magic power (3 MP) to
                  | strengthen your wands. [potion of mutation]
 82636 | Depths:4 | Found a gate to the Realm of Zot.
 82802 | Depths:4 | Gained mutation: Your body often deteriorates upon taking
                  | damage. [a cacodemon]
 82835 | Depths:4 | Killed Plog's ghost
 83066 | Depths:4 | Gained mutation: You occasionally lose the ability to read
                  | scrolls when taking damage. [mutagenic glow]
 83085 | Depths:4 | Gained mutation: You are dopey. (Int -2) [mutagenic glow]
 83594 | Depths:4 | Identified the +0 pair of boots "Wihebix" {Harm rF+ Int+3
                  | Slay+3}
 83595 | Depths:4 | Gained mutation: You occasionally shout uncontrollably at
                  | your foes. [mutagenic glow]
 83864 | Depths:4 | Lost mutation: You do not regenerate when monsters are
                  | visible. [potion of mutation]
 83864 | Depths:4 | Lost mutation: Your body often deteriorates upon taking
                  | damage. [potion of mutation]
 83864 | Depths:4 | Lost mutation: You possess an exceptional clarity of mind.
                  | [potion of mutation]
 83864 | Depths:4 | Gained mutation: You have a pair of small horns on your
                  | head. [potion of mutation]
 83864 | Depths:4 | Gained mutation: You are strong-willed. (Will+) [potion of
                  | mutation]
 83864 | Depths:4 | Lost mutation: You are dopey. (Int -2) [potion of mutation]
 83864 | Depths:4 | Gained mutation: You are resistant to electric shocks.
                  | (rElec) [potion of mutation]
 83865 | Depths:4 | Lost mutation: You expend magic power (3 MP) to strengthen
                  | your wands. [potion of mutation]
 83865 | Depths:4 | Lost mutation: You occasionally shout uncontrollably at
                  | your foes. [potion of mutation]
 83865 | Depths:4 | Gained mutation: You have a somewhat thin skeletal
                  | structure. (Dex +2, Stealth+) [potion of mutation]
 83866 | Depths:4 | Lost mutation: You are resistant to electric shocks.
                  | (rElec) [potion of mutation]
 83866 | Depths:4 | Lost mutation: You occasionally lose the ability to read
                  | scrolls when taking damage. [potion of mutation]
 83866 | Depths:4 | Lost mutation: You have sharp toenails. [potion of
                  | mutation]
 83866 | Depths:4 | Gained mutation: You are dopey. (Int -2) [potion of
                  | mutation]
 83866 | Depths:4 | Gained mutation: You have a pair of horns on your head.
                  | [potion of mutation]
 83867 | Depths:4 | Lost mutation: Potions are less effective at restoring your
                  | health. [potion of mutation]
 83867 | Depths:4 | Lost mutation: Armour fits poorly on your strangely shaped
                  | body. [potion of mutation]
 83867 | Depths:4 | Gained mutation: You have a pair of large horns on your
                  | head. [potion of mutation]
 83867 | Depths:4 | Gained mutation: You have large cloven feet. [potion of
                  | mutation]
 83905 | Depths:4 | Found a hide-covered altar of Uskayaw.
 84138 | Zot:5    | Noticed a dread lich
 84150 | Zot:5    | Killed a dread lich
 84214 | Zot:5    | Noticed an ancient lich
 84242 | Zot:5    | Killed an ancient lich
 84941 | Zot:5    | Got the Orb of Zot
 85345 | D:9      | Noticed Bunino the pandemonium lord
 85546 | D:$      | Escaped with the Orb!

Illustrated notes

Levels and vault maps discovered:
D:1:      scummos_arrival_simple_fountains, layout_basic, nrook_campfire
D:2:      layout_rooms, hellmonk_ecumenical_altar_watching_god,
          uniq_crazy_yiuf_cottage
D:3:      layout_basic, nicolae_overflow_hallway_of_the_gods,
          mainiacjoe_overflow_boulevard
D:4:      layout_loops_cross, nicolae_elyvilon_temple_path,
          minmay_temple_entry_fiery
D:5:      layout_loops_cross, hangedman_decor_clover_reticule
D:6:      layout_basic, serial_bayou_ford_a, kennysheep_small_spiral,
          chequers_jeans, minivault_26, abandoned_shop
D:7:      layout_loops_corners, nicolae_hepliaklqana_hazy_memory,
          hellmonk_no_cap, uniq_maggie, uniq_maurice, uniq_joseph
D:8:      layout_cave_pods, uniq_grum
D:9:      layout_stronghold, minmay_orc_entry_temple_small
D:10:     layout_cave_pods, serial_park, serial_park_paths
          [serial_park_minivault_5x5_2], serial_park_tiny_1
D:11:     layout_roguey, dpeg_lair_monsters
D:12:     layout_cross
D:13:     layout_irregular_city, uniq_jorgrun
D:14:     layout_basic, ximxim_vaults_locker_room,
          roderic_lattice_octagonal_star
D:15:     gammafunk_depths_entry_grave, layout_loops_ring, lemuel_blue_sif_altar
Lair:1:   dreamdust_isle_of_ice, layout_big_grid, gauntlet_entry_generic,
          eino_small_chamber_without_monster, uniq_fannar
Lair:2:   layout_chaotic_city, spider_nest_entry_a,
          nicolae_lair_grove_arrangements
Lair:3:   layout_layer_cave, minmay_swamp_entry_worms
Lair:4:   layout_regular_city, minivault_27, lemuel_old_faithful
Lair:5:   wormcave, layout_cave_pods, slime_entry_1, grunt_megastairs_2,
          uniq_josephine
Swamp:1:  layout_basic_swamp, portal_ice_cave_entry_ugly_swarm,
          evilmike_swamp_ruin_house_3, swamp_pool_5, infiniplex_staircase_pool,
          uniq_nikola
Swamp:2:  layout_basic_swamp, ebering_ghost_disaster_area,
          nicolae_swamp_bean_lake, hangedman_swamp_wriggling,
          infiniplex_staircase_pool_2
Swamp:3:  layout_basic_swamp, nicolae_swamp_treefoil, swamp_pool_3
Swamp:4:  swamp_basic_johnstein, layout_basic_swamp
Spider:1: gammafunk_sealed_arena, hangedman_spider_tarantella_strand,
          uniq_louise
Spider:2: layout_spider_delve
Spider:3: nicolae_spider_hilbert_zone_5 [nicolae_spider_hilbert_3_sides_1_open,
          nicolae_spider_hilbert_4_sides_1_open,
          nicolae_spider_hilbert_4_sides_1_open,
          nicolae_spider_hilbert_6_sides_1_open,
          nicolae_spider_hilbert_6_sides_1_open], nicolae_spider_swamp_cousins,
          uniq_bai_suzhen
Spider:4: hellmonk_spider_rune_endless_swarm, uniq_arachne, uniq_roxanne
Orc:1:    layout_diamond_mine
Orc:2:    st_orc_pillars, layout_caves, uniq_nessos
Elf:1:    eino_elf_arrival_sip, layout_loops_ring, serial_shops, shop,
          infiniplex_enter_wizlab_water, minmay_elf_necromancy
Elf:2:    nicolae_elf_blades_splatter_lattice
          [nicolae_blade_entry_area_security], layout_rooms, serial_shops,
          nicolae_shop_tiny_glass
Elf:3:    grunt_elf_hall_branching, layout_gridlike, nicolae_shop_clearance,
          uniq_donald
Vaults:1: vaults_room_corners, v_misc_19, grunt_vaults_trifunnel,
          ontoclasm_vaults_eye, ontoclasm_vaults_shuriken,
          nicolae_vaults_little_squares_5, nicolae_vaults_trapezoid_lopsided_1,
          ontoclasm_vaults_pinch, hangedman_vaults_cutoff,
          grunt_vaults_hallway_long, nicolae_vaults_arrows,
          nicolae_vaults_layer_cake_slice, v_alt_pattern_1,
          nicolae_vaults_shock_wave, layout_vaults_maze_bifur, serial_shops,
          nicolae_shop_temple_entry_statues_fountains
Vaults:2: nicolae_vaults_tetromino_T_1, vaults_mumra_lcd,
          nicolae_vaults_cornered_office, hangedman_vaults_restitches,
          nicolae_vaults_triangles, vaults_room_semicircle,
          layout_vaults_omnigrid
Vaults:3: nicolae_vaults_sesquioval_fish, nicolae_vaults_network_quinsquares
          [nicolae_vaults_network_quincunx_subvault,
          nicolae_vaults_network_quincunx_subvault,
          nicolae_vaults_network_quincunx_subvault,
          nicolae_vaults_network_quincunx_subvault], v_rooms_1,
          grunt_vaults_twisty, vaults_room_corners, vaults_mumra_chevron_long,
          vaults_room_hangedman_quadrants, v_misc_5, vaults_dpeg_diagonal,
          vaults_room_semicircle, vaults_dpeg_cross, layout_vaults_ring
Vaults:4: portal_desolation_entry_ruin, nicolae_vaults_big_angled_halls,
          v_misc_3, grunt_vaults_swirl, v_misc_12, ontoclasm_vaults_echo,
          nicolae_vaults_more_shelving_2, nicolae_vaults_border_crossing,
          serial_ice_b, hangedman_vaults_trim, nicolae_vaults_house_1,
          vaults_room_semicircle, nicolae_vaults_tetromino_L_1,
          layout_vaults_omnicross, serial_shops, shop, uniq_margery,
          uniq_frederick, uniq_saint_roka
Vaults:5: serial_shops, uniq_boris
Depths:1: layout_cave_pools, minmay_room_of_horrors, hell_entry,
          nicolae_figureground_sparkle, special_room
          [special_room_mythical_zoo], lemuel_zombie_altar_kikubaaqudgha,
          minmay_shop_grove
Depths:2: cheibrodos_lost_city_excavation, layout_twisted_cross,
          enter_ziggurat_a, grunt_pan_entry_in_and_out,
          chequers_serial_rivers_micro_a, hell_entry, hex_medium,
          minmay_staircase_windowed_large, serial_bayou_shore_b
Depths:3: evilmike_inaccessible_box, layout_small_grid, abyss_entry_glasseish,
          minmay_misc_feat_nine_boxes, grunt_hell_entry_dis_mu
Depths:4: evilmike_zot_entry_hall, layout_cave_shapes,
          hangedman_abyss_or_decor_stagger,
          ploomutoo_gammafunk_ghost_potion_laboratory,
          hangedman_tar_grid_catacomb, nicolae_uskayaw_suspiria,
          grunt_megastairs_4
Zot:1:    layout_gridlike, gammafunk_ghost_berserking_beasts,
          kennysheep_underground_church
Zot:2:    layout_cathedral_of_symmetry, uniq_vv, uniq_tiamat
Zot:3:    regret_index_infernal_bastille, layout_onion_interference,
          regret_index_zotdec_obsidian_hm
Zot:4:    layout_twisted_circle, skrybe_zot_glass_1,
          regret_index_zot_stipple_split
Zot:5:    layout_basic

Skill      XL: |  1  2  3  4  5  6  7  8  9 10 11 12 13 14 15 16 17 18 19 20 21 22 23 24 25 26 27 |
---------------+----------------------------------------------------------------------------------+-----
Fighting       | 4 7 8 10 15 17 20 22 25 26 27 | 27.0
Axes           | 5 6 7 8 10 13 14 16 19 20 | 20.0
Armour         | 5 10 17 18 19 20 | 20.0
Evocations     | 3 6 10 11 15 18 20 24 25 27 | 27.0
Throwing       | 1 2 |  2.0
Dodging        | 5 6 10 15 | 15.0
Shields        | 6 7 13 15 17 20 22 | 22.5
Spellcasting   | |  1.0
Fire Magic     | |  3.2

Action                     |  1- 3 |  4- 6 |  7- 9 | 10-12 | 13-15 | 16-18 | 19-21 | 22-24 | 25-27 || total
---------------------------+-------+-------+-------+-------+-------+-------+-------+-------+-------++-------
  Melee: Dagger            |   126 |   246 |   113 |       |       |       |       |       |       ||   485
         Hand axe          |     3 |       |       |       |    24 |    43 |    67 |       |       ||   137
         Punch             |       |     1 |     2 |     2 |       |       |       |       |       ||     5
         Trident           |       |       |   208 |       |       |       |       |       |       ||   208
         Whip              |       |       |     5 |       |       |       |       |       |       ||     5
         War axe           |       |       |    37 |   348 |   765 |   538 |       |       |       ||  1688
         Broad axe         |       |       |       |       |       |   542 |   929 |   801 |  1538 ||  3810
         Headbutt          |       |       |       |       |       |       |       |       |    33 ||    33
  Throw: Boomerang         |       |     2 |     9 |     6 |    13 |    12 |     3 |     6 |    30 ||    81
 Invoke: Foxfire Swarm     |       |     2 |       |       |       |       |       |       |       ||     2
         Fiery Armour      |       |     1 |       |       |       |     4 |     2 |     1 |       ||     8
  Evoke: Wand              |       |       |     9 |     4 |       |     6 |       |       |    11 ||    30
         Condenser vane    |       |       |       |       |       |       |     1 |       |       ||     1
         Box of beasts     |       |       |       |       |       |       |       |       |     3 ||     3
         Phantom mirror    |       |       |       |       |       |       |       |       |     1 ||     1
    Use: Scroll            |     1 |       |     8 |    10 |    10 |    13 |     8 |     4 |    22 ||    76
         Potion            |       |       |       |       |       |     3 |     2 |     3 |    29 ||    37
   Stab: Distracted        |       |       |       |     1 |     6 |    21 |    23 |    15 |    23 ||    89
         Sleeping          |       |       |       |       |       |       |       |       |     1 ||     1
 Armour: Robe              |    61 |       |       |       |       |       |       |       |       ||    61
         Plate armour      |    35 |   240 |   322 |   249 |   620 |   474 |   431 |   433 |       ||  2804
         Shadow dragon sca |       |       |       |       |       |       |       |     9 |   386 ||   395
         Gold dragon scale |       |       |       |       |       |       |       |       |   636 ||   636
  Dodge: Dodged            |    68 |    76 |   101 |    94 |   180 |   198 |   133 |   129 |   250 ||  1229
  Block: Kite shield       |       |       |       |       |    60 |    96 |    42 |       |       ||   198
         Buckler           |       |       |       |       |     7 |       |       |       |       ||     7
         Tower shield      |       |       |       |       |   342 |   973 |   756 |   547 |  1020 ||  3638
         Reflection        |       |       |       |       |       |    42 |    33 |       |       ||    75
